 Dungeon Crawl Stone Soup version 0.29-a0-321-gf1c400731a (webtiles) character file.

Game seed: 3714022635112028

266 Dabor the Chopper (level 6, -6/84 HPs)
             Began as a Hill Orc Monk on Apr 5, 2022.
             Mangled by an ogre
             ... wielding a +0 giant spiked club
              (22 damage)
             ... on level 4 of the Dungeon.
             The game lasted 00:04:46 (3469 turns).

Dabor the Chopper (Hill Orc Monk)                   Turns: 3469, Time: 00:04:47

Health: -6/84      AC: 23    Str: 16    XL:     6   Next: 20%
Magic:  6/6        EV:  2    Int: 10    God:
Gold:   173        SH:  0    Dex: 13    Spells: 5/5 levels left

rFire   . . .      SeeInvis .   a - +0 hand axe
rCold   . . .      Faith    .   (no shield)
rNeg    . . .      Spirit   .   (body armour currently unavailable)
rPois   +          Reflect  .   (helmet currently unavailable)
rElec   .          Harm     .   (cloak currently unavailable)
rCorr   .          Rampage  .   (gloves currently unavailable)
Will    .....      NoTele   +   (boots currently unavailable)
Stlth   ++........              g - amulet of regeneration
HPRegen 1.04/turn               (no ring)
MPRegen 0.10/turn               (no ring)

@: tree-form
A: stationary, stasis, torment immunity, boosted hp
a: no special abilities


You were on level 4 of the Dungeon.
You were a tree.
You visited 1 branch of the dungeon, and saw 4 of its levels.

You collected 173 gold pieces.

Inventory:

Hand Weapons
 a - a +0 hand axe (weapon)
Missiles
 k - 8 poisoned darts (quivered)
Armour
 b - a +0 robe
 e - a +0 leather armour (melded)
Jewellery
 c - an amulet of faith
 g - an amulet of regeneration (around neck)
Scrolls
 d - a scroll of holy word
 f - a scroll of enchant armour
 h - a scroll of immolation
 j - 2 scrolls of fear
 l - a scroll of amnesia
 n - a scroll of identify


   Skills:
 + Level 5.1 Fighting
 + Level 5.6 Axes
 + Level 2.5 Armour
 + Level 3.4 Dodging
 - Level 2.0 Stealth


You had 5 spell levels left.
You didn't know any spells.
Your spell library contained the following spells:

 Spells                   Type           Power      Damage    Failure   Level
 Apportation              Tloc           0%         N/A       36%         1
 Shock                    Conj/Air       0%         1d3       36%         1
 Portal Projectile        Hex/Tloc       0%         N/A       75%         3
 Swiftness                Air            0%         N/A       75%         3
 Airstrike                Air            0%         N/A       98%         4
 Alistair's Intoxication  Tmut/Pois      0%         N/A       100%        5
 Blade Hands              Tmut           0%         N/A       100%        5
 Excruciating Wounds      Necr           0%         N/A       100%        5


Dungeon Overview and Level Annotations

Branches:
Dungeon (4/15)
 Temple: D:4-7

Altars:

Shops:
D:1 :


Message History

You hit the orc.
The orc is almost dead.
The orc hits you with a +0 mace.
You hit the orc.
You kill the orc!
No target in view!
No target in view!
HP restored.
Things that are here:
a +0 mace; an orc corpse
j - 2 scrolls of fear (gained 1)
You now have 173 gold pieces (gained 11).
The ogre shouts!
Things that are here:
a +1 chain mail of cold resistance; a +0 hand axe An ogre is nearby!
An ogre is nearby!
An ogre is nearby!
Things that are here:
a +0 ring mail; a +2 dire flail of protection You hit the ogre.
The ogre is lightly wounded.
The ogre hits you with a +0 giant spiked club!!
You hit the ogre.
The ogre is moderately wounded.
The ogre hits you with a +0 giant spiked club!!
* * * LOW HITPOINT WARNING * * *
You are too injured to fight recklessly!
You are too injured to fight recklessly!
It was a potion of lignification.
You turn into a tree.
Your +0 leather armour melds into your body.
Your roots penetrate the ground.
You closely miss the ogre.
The ogre is moderately wounded.
The ogre hits you with a +0 giant spiked club.
* * * LOW HITPOINT WARNING * * *
You completely miss the ogre.
The ogre is moderately wounded.
The ogre hits you with a +0 giant spiked club!!
You die...

#......o...........####.#.###
#
#.<...##....)...............#
#
########...###.#......##....#
# ###...................###
######........................
..........###.....##.###.#....
#+#####...###[...............)
##..#.[.....###....##...
##.#.#♣##.## ##........
###....O.........####...
#.........##............
####.......########.....
#...........# #..<..
#......#(...####.....
#......#......<......
#.>....#.............
##....................


You could see an ogre.

Vanquished Creatures
  Edmund (D:4)
  A hound (D:3)
  2 adders
  2 ufetubi
  9 orcs
  8 ball pythons
  5 bats
  5 endoplasms
  4 giant cockroaches
  4 goblins
  5 hobgoblins
  3 jackals (D:2)
  3 quokkas
  3 frilled lizards
  4 kobolds
  22 rats
81 creatures vanquished.

Notes
Turn   | Place    | Note
-------+----------+-------------------------------------------
     0 | D:1      | Dabor the Hill Orc Monk began the quest for the Orb.
     0 | D:1      | Reached XP level 1. HP: 19/19 MP: 1/1
   276 | D:1      | Reached XP level 2. HP: 27/27 MP: 2/2
   412 | D:1      | Found Byreow's Book Shoppe.
   729 | D:2      | Reached XP level 3. HP: 32/33 MP: 3/3
  1297 | D:2      | Reached XP level 4. HP: 26/40 MP: 4/4
  1300 | D:2      | Reached skill level 1 in Armour
  2249 | D:3      | Reached skill level 5 in Axes
  2294 | D:3      | Reached XP level 5. HP: 29/47 MP: 5/5
  2616 | D:4      | Noticed an ogre
  3001 | D:4      | Noticed Edmund
  3016 | D:4      | HP: 1/47 [spore (9)]
  3016 | D:4      | Killed Edmund
  3017 | D:4      | Reached skill level 5 in Fighting
  3017 | D:4      | Reached XP level 6. HP: 2/56 MP: 6/6
  3469 | D:4      | Mangled by an ogre

Illustrated notes

Levels and vault maps discovered:
D:1:      nzn_arrival_crosshair, layout_basic, serial_shops, shop
D:2:      layout_loops_cross, hangedman_decor_clover_reticule, minmay_rat_hole
D:3:      layout_basic
D:4:      minmay_chambers_of_threes, layout_rooms, uniq_edmund

Skill      XL: |  1  2  3  4  5 |
---------------+----------------+-----
Stealth        | 2 |  2.0
Fighting       | 4 5 |  5.1
Armour         | 1 2 |  2.5
Dodging        | 3 |  3.4
Axes           | 5 |  5.6

Action                   |  1- 3 |  4- 6 || total
-------------------------+-------+-------++-------
Melee: Hand axe          |   109 |   148 ||   257
       Punch             |     1 |     1 ||     2
  Use: Potion            |       |    12 ||    12
       Scroll            |       |     7 ||     7
 Stab: Sleeping          |     3 |       ||     3
Armor: Robe              |     2 |       ||     2
       Leather armour    |    26 |    43 ||    69
Dodge: Dodged            |    68 |   119 ||   187

Table legend: (Time is in decaauts)
 A = Elapsed time spent in this place.
 B = Non-inter-level travel time spent in this place.
 C = Inter-level travel time spent in this place.
 D = Time resting spent in this place.
 E = Time spent auto-exploring this place.
 F = Levels seen in this place.
 G = Mean time per level.
                   A        B        C        D        E       F      G
               +--------+--------+--------+--------+--------+-----+--------+
         Total |   3487 |   3337 |    150 |    533 |   2130 |   4 |  871.8 |
       Dungeon |   3487 |   3337 |    150 |    533 |   2130 |   4 |  871.8 |
               +--------+--------+--------+--------+--------+-----+--------+

Top non-repeatable levels by time:
     D:3: 1627 daAuts
     D:2: 888 daAuts
     D:1: 720 daAuts
     D:4: 252 daAuts
